 Dungeon Crawl Stone Soup version 0.12.3 (console) character file.

43 Andreus the Grave Robber (level 3, -2/21 HPs)
             Began as a Sludge Elf Necromancer on Sept 29, 2013.
             Slain by an adder (4 damage)
             ... on Level 2 of the Dungeon.
             The game lasted 00:30:39 (995 turns).

Andreus the Grave Robber (Sludge Elf Necromancer)    Turns: 995, Time: 00:30:39

HP  -2/21        AC  2     Str  8      XL: 3   Next:  0%
MP   5/7         EV 13     Int 17      God:
Gold 20          SH  0     Dex 14      Spells:  2 memorised,  2 levels left

Res.Fire  : . . .   See Invis. : .   (no weapon)
Res.Cold  : . . .   Warding    : .   l - +0 elf robe
Life Prot.: . . .   Conserve   : .   (no shield)
Res.Poison: .       Res.Corr.  : .   (no helmet)
Res.Elec. : .       Clarity    : .   (no cloak)
Sust.Abil.: . .     Spirit.Shd : .   (no gloves)
Res.Mut.  : .       Stasis     : .   (no boots)
Res.Rott. : .       Ctrl.Telep.: .   (no amulet)
Saprovore : . . .   Flight     : .   (no ring)
                                     q - ring of sustenance

@: mildly poisoned, slightly resistant to hostile enchantments, fairly stealthy
A: no striking features
a: no special abilities


You were on level 2 of the Dungeon.
You were not hungry.

You visited 1 branch of the dungeon, and saw 2 of its levels.

Inventory:

Hand weapons
 a - a +1,+0 dagger
 p - a -1,+1 orcish short sword
 s - a -1,+0 orcish dagger
 v - a +0,+0 club
Missiles
 f - 20 darts (quivered)
 j - 3 large rocks
Armour
 l - a +0 elven robe (worn)
Comestibles
 o - a meat ration
Scrolls
 g - a scroll of identify {unknown}
 i - a scroll of enchant weapon II {unknown}
 r - a scroll of curse jewellery {unknown}
Jewellery
 q - a ring of sustenance (left hand)
Potions
 m - a potion of heal wounds {unknown}
 n - a potion of gain strength {unknown}
Books
 b - a book of Necromancy

   Spells                             Type                      Level
   *Pain                              Necromancy                   1
   *Animate Skeleton                  Necromancy                   1
   Lethal Infusion                    Charms/Necromancy            2
   Vampiric Draining                  Necromancy                   3
   Regeneration                       Charms/Necromancy            3
   Animate Dead                       Necromancy                   4
   Control Undead                     Necromancy                   4
Carrion
 k - a bat skeleton
 t - a rotting goblin corpse
 u - a hobgoblin corpse


   Skills:
 + Level 0.2 Throwing
 + Level 3.0 Dodging
 + Level 2.2 Stealth
 + Level 1.4 Spellcasting
 + Level 4.9 Necromancy


You had 2 spell levels left.
You knew the following spells:

 Your Spells              Type           Power        Failure   Level  Hunger
a - Pain                  Necr           ####.        2%          1    ##.....
b - Animate Skeleton      Necr           N/A          2%          1    ##.....


Dungeon Overview and Level Annotations

Branches:
Dungeon (2/27)

Altars:
Ashenzari


Message History

* * * LOW HITPOINT WARNING * * *
As you read the scroll labeled SHYGOI TRUMA, it crumbles to dust.
Your hands glow mottled yellow for a moment.
It was a scroll of random uselessness.
The adder closely misses you.
As you read the scroll labeled VAXIUR AMIN, it crumbles to dust.
Forget which spell ([?*] list [ESC] exit)?
Forget which spell ([?*] list [ESC] exit)?
Okay, then.
It was a scroll of amnesia.
The adder barely misses you.
As you read the scroll labeled FARYOSTR MESE, it crumbles to dust.
Use on which item? (\ to view known items) (? for menu, Esc to quit)
Really abort (and waste the scroll)? [Y]es or [N]o only, please.
Really abort (and waste the scroll)?
Use on which item? (\ to view known items) (? for menu, Esc to quit)
Nothing appears to happen.
The adder bites you.
* * * LOW HITPOINT WARNING * * *
As you read the scroll labeled PLESYU RIRYM, it crumbles to dust.
Nothing appears to happen.
The adder bites you.
You die...

###...........##
......
'...^..######## ..)..
##.......[.# ...#
.#......##..........#
.#......#########...#
.#..................#
.#.....#########....#
###.................#
##########.##.@...#
[.......S#.##
........$#.#
.....##.##.# .... #.
.. ... ## #


You could see an adder.

Vanquished Creatures
  A gnoll (D:1)
  2 bats (D:1)
  3 hobgoblins
  A kobold (D:1)
  2 giant newts (D:1)
  2 goblins
  2 rats (D:2)
13 creatures vanquished.

Notes
Turn   | Place    | Note
--------------------------------------------------------------
     0 | D:1      | Andreus, the Sludge Elf Necromancer, began the quest for the Orb.
     0 | D:1      | Reached XP level 1. HP: 11/11 MP: 3/3
   113 | D:1      | Learned a level 1 spell: Animate Skeleton
   276 | D:1      | Reached XP level 2. HP: 6/17 MP: 1/5
   933 | D:2      | Reached XP level 3. HP: 18/21 MP: 5/7
   943 | D:2      | Found a shattered altar of Ashenzari.
   995 | D:2      | Slain by an adder

Action                   || total
-------------------------++-------
Melee: Unarmed           ||     3
Throw: Dart              ||    12
 Cast: Pain              ||    23
  Use: Scroll            ||     4
